 Dungeon Crawl Stone Soup version 0.27.1-3-gb3d3a73c9e (webtiles) character file.

Game seed: 8774744999990852292

19 Kinoniko the Skirmisher (level 2, -1/48 HPs)
             Began as an Ogre Berserker on Oct 6, 2021.
             Was a Follower of Trog.
             Slain by Sigmund (9 damage)
             ... on level 2 of the Dungeon.
             The game lasted 00:00:37 (691 turns).

Kinoniko the Skirmisher (Ogre Berserker)             Turns: 691, Time: 00:00:37

Health: -1/48      AC:  3    Str: 20    XL:     2   Next: 75%
Magic:  2/2        EV: 10    Int:  8    God:    Trog [*.....]
Gold:   70         SH:  0    Dex:  8    Spells: 1/1 levels left

rFire    . . .     SeeInvis .   a - +0 mace
rCold    . . .     Faith    .   (no shield)
rNeg     . . .     Spirit   .   b - +0 animal skin
rPois    .         Reflect  .   (helmet restricted)
rElec    .         Harm     .   (no cloak)
rCorr    .         Rampage  .   (gloves unavailable)
Will     .....                  (boots unavailable)
Stlth    ..........             (no amulet)
HPRegen  0.16/turn              (no ring)
MPRegen  0.08/turn              (no ring)

@: berserking (expiring), very quick
A: large, unfitting armour, tough skin 1
a: Renounce Religion, Berserk


You were on level 2 of the Dungeon.
You worshipped Trog.
Trog was aware of your devotion.
You visited 1 branch of the dungeon, and saw 2 of its levels.

You collected 70 gold pieces.

Inventory:

Hand Weapons
 a - a +0 mace (weapon)
Missiles
 e - a throwing net (quivered)
Armour
 b - a +0 animal skin (worn)
Scrolls
 c - a scroll of magic mapping {unknown}
 f - a scroll of teleportation {unknown}
 g - a scroll of immolation {unknown}
Potions
 d - a potion of flight {unknown}


   Skills:
 - Level 4.0 Fighting
 * Level 3.6 Maces & Flails
 - Level 2.6 Dodging


You had one spell level left.
You didn't know any spells.
Your spell library was empty.

Dungeon Overview and Level Annotations

Branches:
Dungeon (2/15)

Altars:

Annotations:
D:2 Sigmund


Innate Abilities, Weirdness & Mutations

You are too large for most types of armour.
You have tough skin. (AC +1)


Message History

A goblin is nearby!
A goblin is nearby!
Sigmund the Dreaded comes into view.
He is wielding a +0 scythe.
Sigmund shouts!
Sigmund mumbles some strange words.
Sigmund flickers and vanishes!
Deactivating autopickup; reactivate with Ctrl-A.
Found a short sword.
Found a stone staircase leading up.
The goblin hits you but does no damage.
You hit the goblin.
The goblin is severely wounded.
The goblin barely misses you.
You hit the goblin.
You kill the goblin!
Trog accepts your kill. Something hits you but does no damage.
No target in view!
No target in view!
No target in view!
No target in view!
No target in view!
No target in view!
No target in view!
Unknown command.
Something hits you!
No target in view!
A red film seems to cover your vision as you go berserk!
You feel yourself moving faster!
You feel mighty!
You miss something. Something hits you.
You closely miss something. Something hits you!
You hit something. You hit something. Something hits you.
You closely miss something. You sock something!
Something completely misses you.
You miss something. You completely miss something. Something hits you!
* * * LOW HITPOINT WARNING * * *
You thump something! You miss something. Something hits you!
You die...

...................)
............#......<
...................#
#.......<..#.#....#
.#........###.#....#
..........##.......#
...................#
.............){....#
.............@.....#
...................#
..........?....##.##
.........#.#.### .#
.......#.#.#.# #
.....##.#.#.# ####
#...#.# #.


There were no monsters in sight!

Vanquished Creatures
  A dart slug (D:1)
  A ball python (D:1)
  3 endoplasms
  A giant cockroach (D:1)
  A goblin (D:2)
  6 bats (D:1)
  A frilled lizard (D:1)
  3 kobolds (D:1)
  A rat (D:1)
18 creatures vanquished.

Vanquished Creatures (others)
  A plant (D:1)
1 creature vanquished.

Grand Total: 19 creatures vanquished

Notes
Turn   | Place    | Note
-------+----------+-------------------------------------------
     0 | D:1      | Kinoniko the Ogre Berserker began the quest for the Orb.
     0 | D:1      | Reached XP level 1. HP: 24/24 MP: 1/1
   189 | D:1      | Reached XP level 2. HP: 32/32 MP: 2/2
   675 | D:2      | Noticed Sigmund
   691 | D:2      | Slain by Sigmund

Illustrated notes

Levels and vault maps discovered:
D:1:      amcnicky_arrival_gap_in_the_tavern_cellar, layout_basic, serial_bayou,
          serial_bayou_ford_a, serial_bayou_shore_a, serial_bayou_crossing,
          serial_bayou_lagoon_a, serial_bayou_pond_c
D:2:      layout_rooms, minmay_misc_feat_four_crosses, uniq_sigmund

Skill      XL: |  1 |
---------------+----+-----
Maces & Flails | 3 |  3.6
Fighting       | |  4.0
Dodging        | |  2.6

Action                   || total
-------------------------++-------
Melee: Mace              ||    39
Invok: Berserk           ||     1
 Stab: Sleeping          ||     1
Armor: Animal skin       ||    20
Dodge: Dodged            ||    12
